Flyers vs Jets
(R1)
Created - October 22, 2018 at 19:26
Goals
|
Flyers |
1 |
2 |
2 |
5 |
Jets |
0 |
0 |
2 |
2 |
|
Shots
|
Flyers |
9 |
14 |
11 |
34 |
Jets |
8 |
7 |
11 |
26 |
|
1st period
1. Flyers , Dany Heatley 1 (Marcus Kruger 2, Nathan Beaulieu 3) at 12:50
Penalties :
Jonathan Ericsson (Phi) for Roughing (Minor) at 3:48, Kyle Wellwood (Phi) for Roughing (Minor) at 7:39, Dustin Brown (Win) for Hooking (Minor) at 13:11, Kevin Hayes (Win) for Hooking (Minor) at 17:52
2nd period
2. Flyers , Drew Miller 4 (Jeff Carter 3) at 2:14
3. Flyers , Marcus Kruger 1 (Kyle Wellwood 4) at 3:20
Penalties :
Jaromir Jagr (Phi) for Hooking (Minor) at 4:16, Devin Setoguchi (Win) for Slashing (Minor) at 10:36, Matt Smaby (Phi) for Roughing (Minor) at 13:55, Drew Miller (Phi) for Tripping (Minor) at 18:15
3rd period
4. Flyers , Jakub Voracek 2 (Jeff Carter 4) at 4:01
5. Jets , Marco Scandella 1 (Dustin Brown 1, Benoit Pouliot 1) at 5:10
6. Jets , James Wright 1 (Fredrik Sjostrom 2) at 8:44
7. Flyers , Jakub Voracek 3 (Jeff Carter 5) at 15:54
Penalties :
Dustin Brown (Win) for Holding (Minor) at 0:45, Dany Heatley (Phi) for Holding Stick (Minor) at 10:12
Goalie Stats
Cory Schneider (Phi), 24 saves from 26 shots - (0.923), W, 2-1-1, 60:00 minutes
Jacob Markstrom (Win), 29 saves from 34 shots - (0.853), L, 0-3-0, 60:00 minutes
Players Stats for Flyers
Player Name G A P +/- PIM S H SB GA TA FO MP PP MP PK MP
------------------------------------------------------------------------------------
Brian Lashoff 0 0 0 4 0 1 1 1 1 1 0/0 13:37 0:00 0:00
Brian McGrattan 0 0 0 0 0 0 4 0 0 0 0/0 5:03 0:00 0:00
Chris Mcallister 0 0 0 0 0 1 0 0 0 0 0/2 11:49 0:00 6:12
Dany Heatley 1 0 1 2 2 1 2 0 1 0 0/0 9:50 0:00 0:26
Drew Miller 1 0 1 2 2 3 3 2 0 0 0/1 19:46 4:13 0:00
J.T. Miller 0 0 0 -1 0 3 0 2 1 0 2/4 19:04 3:43 5:36
Jakub Voracek 2 0 2 2 0 8 3 0 2 0 0/0 19:37 4:13 0:00
Jaromir Jagr 0 0 0 -1 2 1 0 0 0 1 0/0 13:05 3:43 0:00
Jeff Carter 0 3 3 2 0 2 2 0 1 0 16/23 19:40 4:13 0:03
Jeff Woywitka 0 0 0 1 0 1 3 1 1 0 0/0 23:42 3:09 6:37
Jonathan Ericsson 0 0 0 4 2 1 1 2 0 0 0/0 21:34 3:09 4:37
Kyle Wellwood 0 1 1 -1 2 3 2 1 0 0 14/24 18:05 3:43 4:38
Marcus Kruger 1 1 2 2 0 1 2 0 1 1 1/2 10:45 0:00 0:58
Mats Zuccarello 0 0 0 2 0 0 2 1 0 0 0/0 9:20 0:00 0:00
Matt Smaby 0 0 0 -2 2 3 1 3 0 1 0/0 21:59 4:47 4:38
Matthew Lombardi 0 0 0 0 0 1 0 0 0 0 2/8 11:32 0:00 5:55
Nathan Beaulieu 0 1 1 1 0 1 1 1 0 3 0/0 15:02 0:00 1:16
Oliver Ekman-Larsson 0 0 0 -2 0 3 0 1 1 2 0/0 24:30 4:47 6:40
Players Stats for Jets
Player Name G A P +/- PIM S H SB GA TA FO MP PP MP PK MP
------------------------------------------------------------------------------------
Anton Volchenkov 0 0 0 0 0 0 3 0 2 0 0/0 11:51 0:00 2:58
Benoit Pouliot 0 1 1 1 0 1 1 0 0 0 0/0 23:05 6:59 1:40
Derek Roy 0 0 0 1 0 3 1 2 2 0 16/32 22:27 6:59 1:02
Derek Stepan 0 0 0 -3 0 2 1 0 0 1 4/13 16:14 4:48 0:00
Devin Setoguchi 0 0 0 -3 2 2 1 0 1 1 0/0 16:32 4:48 0:00
Dustin Brown 0 1 1 1 4 3 0 0 1 2 0/0 22:33 6:59 1:04
Eric Gelinas 0 0 0 -3 0 0 0 1 0 1 0/0 17:35 5:08 0:00
Erik Haula 0 0 0 -3 0 3 2 1 0 0 0/2 17:09 0:04 4:44
Fredrik Sjostrom 0 1 1 0 0 0 0 0 0 0 0/0 5:57 0:00 0:00
James Wright 1 0 1 0 0 2 0 0 1 0 1/2 9:06 0:07 2:23
Jared Spurgeon 0 0 0 0 0 1 1 0 0 1 0/0 9:31 0:00 0:00
Joe Colborne 0 0 0 -1 0 0 1 0 1 0 8/15 12:13 0:00 4:31
Kevin Hayes 0 0 0 0 2 4 2 0 0 0 0/0 5:59 0:00 0:00
Lee Stempniak 0 0 0 -1 0 0 1 0 0 0 0/0 8:03 0:07 0:00
Marco Scandella 1 0 1 0 0 3 4 0 0 0 0/0 27:51 6:46 2:58
Marcus Johansson 0 0 0 -1 0 0 3 0 0 0 0/0 12:42 4:51 0:28
Shea Weber 0 0 0 0 0 0 1 1 0 3 0/0 29:53 6:46 4:58
Tyler Myers 0 0 0 -3 0 2 0 2 1 0 0/0 23:19 5:08 4:58
3 Stars
1 - Jakub Voracek (Phi)
2 - Marcus Kruger (Phi)
3 - Jeff Carter (Phi)
Power Play
Flyers - 0 on 4 Attempt(s) - 0.00%
Jets - 0 on 6 Attempt(s) - 0.00%
Penalty Kill
Flyers - 6 on 6 Attempt(s) - 100.00%
- Score 0 goal in Penalty Kill
Jets - 4 on 4 Attempt(s) - 100.00%
- Score 0 goal in Penalty Kill
Team Stat
Flyers - Hits : 27 - Faceoff Wins : 35 - Blocked Shots : 15 - Penalty Minutes : 12
Jets - Hits : 22 - Faceoff Wins : 29 - Blocked Shots : 7 - Penalty Minutes : 8
Official
Referees : Unknown
Linesman : Unknown
Game Notes
No Game Note
Finance
Level 1 -- Attendance: 5623 (93.72%) -- Ticket Income $438,594
Level 2 -- Attendance: 5000 (100.00%) -- Ticket Income $260,000
Level 3 -- Attendance: 2000 (100.00%) -- Ticket Income $62,000
Level 4 -- Attendance: 2802 (70.05%) -- Ticket Income $78,456
Luxury Box -- Attendance: 898 (89.80%) -- Ticket Income $139,190
Game was played at the MTS Center.
Total Attendance: 16323 (90.68%)
Total Ticket Income: $978,240
Other Income: $146,736
Total Income: $1,124,976
Flyers
5 vs 5 Forward
Center Left Wing Right Wing Time % Phy DF OF
1 Jeff Carter Drew Miller Jakub Voracek 40 0 1 4
2 Kyle Wellwood J.T. Miller Jaromir Jagr 30 0 1 4
3 Marcus Kruger Dany Heatley Mats Zuccarello 20 0 1 4
4 Matthew Lombardi Chris Mcallister Brian McGrattan 10 0 4 1
5 vs 5 Defense
Defense Defense Time % Phy DF OF
1 Oliver Ekman-Larsson Matt Smaby 30 1 3 1
2 Jeff Woywitka Nathan Beaulieu 30 1 3 1
3 Brian Lashoff Jonathan Ericsson 30 1 3 1
4 Oliver Ekman-Larsson Jeff Woywitka 10 1 3 1
PowerPlay Forward
Center Left Wing Right Wing Time % Phy DF OF
1 Jeff Carter Drew Miller Jakub Voracek 50 0 1 4
2 Kyle Wellwood J.T. Miller Jaromir Jagr 50 0 1 4
PowerPlay Defense
Defense Defense Time % Phy DF OF
1 Oliver Ekman-Larsson Matt Smaby 50 0 2 3
2 Jonathan Ericsson Jeff Woywitka 50 0 2 3
Penalty Kill 4 Players Forward
Center Wing Time % Phy DF OF
1 Matthew Lombardi Chris Mcallister 50 0 4 1
2 Kyle Wellwood J.T. Miller 50 0 4 1
Penalty Kill 4 Players Defense
Defense Defense Time % Phy DF OF
1 Oliver Ekman-Larsson Matt Smaby 50 1 4 0
2 Jeff Woywitka Jonathan Ericsson 50 1 4 0
Penalty Kill - 3 Players Forward
Forward Time % Phy DF OF
1 Matthew Lombardi 50 0 4 1
2 Kyle Wellwood 50 0 4 1
Penalty Kill - 3 Players Defense
Defense Defense Time % Phy DF OF
1 Oliver Ekman-Larsson Matt Smaby 50 1 4 0
2 Jeff Woywitka Jonathan Ericsson 50 1 4 0
4 vs 4 Forward
Center Wing Time % Phy DF OF
1 Jeff Carter Jakub Voracek 50 0 2 3
2 Kyle Wellwood Jaromir Jagr 50 0 2 3
4 vs 4 Defense
Defense Defense Time % Phy DF OF
1 Oliver Ekman-Larsson Matt Smaby 50 1 3 1
2 Jeff Woywitka Jonathan Ericsson 50 1 3 1
Last Minutes Offensive
Center Left Wing Right Wing Defense Defense
Jeff Carter Drew Miller Jakub Voracek Oliver Ekman-Larsson Jeff Woywitka
Last Minutes Defensive
Center Left Wing Right Wing Defense Defense
Matthew Lombardi Chris Mcallister Brian McGrattan Oliver Ekman-Larsson Jeff Woywitka
Goaltenders
Starting : Cory Schneider
Backup : Steve Mason
Extra Forwards
Normal : Jeff Carter, Kyle Wellwood, Drew Miller - PP : Jeff Carter, Kyle Wellwood - PK : Chris Mcallister
Extra Defensemen
Normal : Oliver Ekman-Larsson, Jeff Woywitka, Jonathan Ericsson - PP : Oliver Ekman-Larsson - PK : Oliver Ekman-Larsson, Jeff Woywitka
Penalty Shots
Jeff Carter, Dany Heatley, Kyle Wellwood, Jaromir Jagr, J.T. Miller
Scratches
None
Jets
5 vs 5 Forward
Center Left Wing Right Wing Time % Phy DF OF
1 Derek Roy Benoit Pouliot Dustin Brown 40 1 1 3
2 Derek Stepan Erik Haula Devin Setoguchi 30 1 1 3
3 Joe Colborne Marcus Johansson Lee Stempniak 20 1 2 2
4 James Wright Fredrik Sjostrom Kevin Hayes 10 1 2 2
5 vs 5 Defense
Defense Defense Time % Phy DF OF
1 Marco Scandella Shea Weber 40 1 2 2
2 Eric Gelinas Tyler Myers 30 1 2 2
3 Anton Volchenkov Jared Spurgeon 20 1 2 2
4 Tyler Myers Marco Scandella 10 1 2 2
PowerPlay Forward
Center Left Wing Right Wing Time % Phy DF OF
1 Derek Roy Benoit Pouliot Dustin Brown 60 0 0 5
2 Derek Stepan Marcus Johansson Devin Setoguchi 40 0 0 5
PowerPlay Defense
Defense Defense Time % Phy DF OF
1 Shea Weber Marco Scandella 60 0 2 3
2 Tyler Myers Eric Gelinas 40 0 2 3
Penalty Kill 4 Players Forward
Center Wing Time % Phy DF OF
1 Joe Colborne Erik Haula 60 1 3 1
2 James Wright Dustin Brown 40 1 3 1
Penalty Kill 4 Players Defense
Defense Defense Time % Phy DF OF
1 Shea Weber Tyler Myers 60 1 3 1
2 Anton Volchenkov Marco Scandella 40 1 3 1
Penalty Kill - 3 Players Forward
Forward Time % Phy DF OF
1 Erik Haula 60 1 3 1
2 Joe Colborne 40 1 3 1
Penalty Kill - 3 Players Defense
Defense Defense Time % Phy DF OF
1 Shea Weber Tyler Myers 60 1 4 0
2 Marco Scandella Anton Volchenkov 40 1 4 0
4 vs 4 Forward
Center Wing Time % Phy DF OF
1 Derek Roy Benoit Pouliot 60 1 1 3
2 Derek Stepan Marcus Johansson 40 1 1 3
4 vs 4 Defense
Defense Defense Time % Phy DF OF
1 Shea Weber Marco Scandella 60 1 2 2
2 Tyler Myers Eric Gelinas 40 1 2 2
Last Minutes Offensive
Center Left Wing Right Wing Defense Defense
Derek Roy Benoit Pouliot Dustin Brown Shea Weber Marco Scandella
Last Minutes Defensive
Center Left Wing Right Wing Defense Defense
Derek Roy Erik Haula Dustin Brown Tyler Myers Marco Scandella
Goaltenders
Starting : Jacob Markstrom
Backup : Kari Lehtonen
Extra Forwards
Normal : Dustin Brown, Derek Roy, Erik Haula - PP : Benoit Pouliot, Dustin Brown - PK : Erik Haula
Extra Defensemen
Normal : Shea Weber, Tyler Myers, Marco Scandella - PP : Shea Weber - PK : Tyler Myers, Shea Weber
Penalty Shots
Derek Roy, Benoit Pouliot, Erik Haula, Dustin Brown, Devin Setoguchi
Scratches
Josh Bailey (Healthy)
% Time on Ice - Flyers
Lines # - Real PCT - Wanted PCT - Time Play
Normal Forward
1 - 40% - 40% - 16:02
2 - 24% - 30% - 9:45
3 - 23% - 20% - 9:20
4 - 13% - 10% - 5:03
Normal Defense
1 - 31% - 30% - 12:32
2 - 32% - 30% - 12:59
3 - 34% - 30% - 13:37
4 - 3% - 10% - 1:02
PP Forward
1 - 53% - 50% - 4:13
2 - 47% - 50% - 3:43
PP Defense
1 - 60% - 50% - 4:47
2 - 40% - 50% - 3:09
PK Forward
1 - 51% - 50% - 6:06
2 - 49% - 50% - 5:48
PK Defense
1 - 52% - 50% - 6:10
2 - 48% - 50% - 5:44
PK3 Forward
1 - 0% - 50%
2 - 0% - 50%
PK3 Defense
1 - 0% - 50%
2 - 0% - 50%
44 Forward
1 - 0% - 50%
2 - 0% - 50%
44 Defense
1 - 0% - 50%
2 - 0% - 50%
Last Minute Offensive - 0:00
Last Minute Defensive - 0:00
Total
Forward - 60:00
Defense - 60:00
|
% Time on Ice - Jets
Lines # - Real PCT - Wanted PCT - Time Play
Normal Forward
1 - 38% - 40% - 15:07
2 - 29% - 30% - 11:43
3 - 18% - 20% - 7:23
4 - 15% - 10% - 5:57
Normal Defense
1 - 45% - 40% - 18:09
2 - 31% - 30% - 12:28
3 - 22% - 20% - 8:52
4 - 2% - 10% - 0:41
PP Forward
1 - 59% - 60% - 7:03
2 - 41% - 40% - 4:51
PP Defense
1 - 57% - 60% - 6:46
2 - 43% - 40% - 5:08
PK Forward
1 - 70% - 60% - 5:33
2 - 30% - 40% - 2:23
PK Defense
1 - 63% - 60% - 4:58
2 - 37% - 40% - 2:58
PK3 Forward
1 - 0% - 60%
2 - 0% - 40%
PK3 Defense
1 - 0% - 60%
2 - 0% - 40%
44 Forward
1 - 0% - 60%
2 - 0% - 40%
44 Defense
1 - 0% - 60%
2 - 0% - 40%
Last Minute Offensive - 0:00
Last Minute Defensive - 0:00
Total
Forward - 60:00
Defense - 60:00
|
Play by Play
1st period
0:01 of 1st period - Jeff Carter wins face-off versus Derek Roy in neutral zone.
0:08 of 1st period - Snap shot by Drew Miller.
0:08 of 1st period - Stopped by Jacob Markstrom without a rebound.
0:09 of 1st period - Derek Roy wins face-off versus Jeff Carter in Jets zone.
0:22 of 1st period - Snap shot by Derek Roy.
0:22 of 1st period - Stopped by Cory Schneider without a rebound.
0:23 of 1st period - Kyle Wellwood wins face-off versus Derek Stepan in Flyers zone.
0:23 of 1st period - Kyle Wellwood is hit by Devin Setoguchi.
1:13 of 1st period - Dany Heatley is hit by Anton Volchenkov and loses puck.
1:24 of 1st period - Wrist shot by Kevin Hayes.
1:24 of 1st period - Deflect By James Wright.
1:24 of 1st period - Shot Misses the Net.
1:24 of 1st period - Puck is out of play.
1:25 of 1st period - Derek Roy wins face-off versus Jeff Carter in Flyers zone.
2:00 of 1st period - Wrist shot by Jeff Carter.
2:00 of 1st period - Shot Misses the Net.
2:02 of 1st period - Slapshot by Jonathan Ericsson.
2:02 of 1st period - Stopped by Jacob Markstrom without a rebound.
2:03 of 1st period - Kyle Wellwood wins face-off versus Derek Stepan in Jets zone.
2:14 of 1st period - Wrist shot by Derek Stepan.
2:14 of 1st period - Deflect By Devin Setoguchi.
2:14 of 1st period - Stopped by Cory Schneider without a rebound.
2:15 of 1st period - Derek Roy wins face-off versus Kyle Wellwood in Flyers zone.
2:30 of 1st period - Snap shot by Kyle Wellwood.
2:30 of 1st period - Shot Blocked by Derek Roy.
2:42 of 1st period - Oliver Ekman-Larsson is hit by Marco Scandella and loses puck.
2:47 of 1st period - Wrist shot by Erik Haula.
2:47 of 1st period - Stopped by Cory Schneider without a rebound.
2:48 of 1st period - Jeff Carter wins face-off versus Erik Haula in Flyers zone.
3:48 of 1st period - Minor Penalty to Jonathan Ericsson for Roughing.
3:49 of 1st period - Derek Roy wins face-off versus Matthew Lombardi in Flyers zone.
3:53 of 1st period - Snap shot by Derek Roy.
3:53 of 1st period - Shot Misses the Net.
4:03 of 1st period - Wrist shot by Benoit Pouliot.
4:03 of 1st period - Stopped by Cory Schneider without a rebound.
4:04 of 1st period - Kyle Wellwood wins face-off versus Derek Roy in Flyers zone.
4:25 of 1st period - Snap shot by J.T. Miller.
4:25 of 1st period - Shot Misses the Net.
5:42 of 1st period - Jeff Woywitka is hit by Marcus Johansson and loses puck.
5:48 of 1st period - Penalty to Jonathan Ericsson is over, Jonathan Ericsson is back on ice.
5:53 of 1st period - Jonathan Ericsson is hit by Kevin Hayes and loses puck.
5:58 of 1st period - Slapshot by Kevin Hayes.
5:58 of 1st period - Shot Misses the Net.
6:06 of 1st period - Snap shot by Kevin Hayes.
6:06 of 1st period - Stopped by Cory Schneider with a rebound.
6:34 of 1st period - Slapshot by Erik Haula.
6:34 of 1st period - Stopped by Cory Schneider without a rebound.
6:35 of 1st period - Kyle Wellwood wins face-off versus Derek Roy in Flyers zone.
6:57 of 1st period - Eric Gelinas is hit by Marcus Kruger and loses puck.
7:18 of 1st period - Oliver Ekman-Larsson is hit by Shea Weber and loses puck.
7:39 of 1st period - Minor Penalty to Kyle Wellwood for Roughing.
7:40 of 1st period - Derek Roy wins face-off versus Chris Mcallister in Flyers zone.
7:40 of 1st period - Wrist shot by Benoit Pouliot.
7:40 of 1st period - Shot Misses the Net.
7:42 of 1st period - Slapshot by Derek Roy.
7:42 of 1st period - Stopped by Cory Schneider with a rebound.
7:44 of 1st period - Slapshot by Tyler Myers.
7:44 of 1st period - Shot Misses the Net.
7:46 of 1st period - Slapshot by Tyler Myers.
7:46 of 1st period - Shot Misses the Net.
7:48 of 1st period - Snap shot by Eric Gelinas.
7:48 of 1st period - Shot Blocked by Jonathan Ericsson.
7:50 of 1st period - Snap shot by Dustin Brown.
7:50 of 1st period - Shot Blocked by J.T. Miller.
8:50 of 1st period - Chris Mcallister is hit by Marcus Johansson and loses puck.
9:39 of 1st period - Penalty to Kyle Wellwood is over, Kyle Wellwood is back on ice.
10:14 of 1st period - Drew Miller is hit by Kevin Hayes and loses puck.
10:20 of 1st period - Off-side.
10:21 of 1st period - Joe Colborne wins face-off versus Jeff Carter in neutral zone.
10:24 of 1st period - Slapshot by Marco Scandella.
10:24 of 1st period - Stopped by Cory Schneider with a rebound.
10:26 of 1st period - Slapshot by Shea Weber.
10:26 of 1st period - Shot Blocked by Matt Smaby.
10:28 of 1st period - Slapshot by Marco Scandella.
10:28 of 1st period - Shot Misses the Net.
10:42 of 1st period - Derek Roy is hit by Brian McGrattan and loses puck.
10:47 of 1st period - Snap shot by Matthew Lombardi.
10:47 of 1st period - Stopped by Jacob Markstrom without a rebound.
10:48 of 1st period - Jeff Carter wins face-off versus Derek Roy in Jets zone.
11:01 of 1st period - Snap shot by Jeff Carter.
11:01 of 1st period - Shot Blocked by Shea Weber.
11:15 of 1st period - Wrist shot by Kyle Wellwood.
11:15 of 1st period - Stopped by Jacob Markstrom without a rebound.
11:16 of 1st period - Derek Stepan wins face-off versus Kyle Wellwood in Jets zone.
11:25 of 1st period - Wrist shot by Devin Setoguchi.
11:25 of 1st period - Shot Misses the Net.
11:53 of 1st period - Snap shot by Benoit Pouliot.
11:53 of 1st period - Shot Misses the Net.
12:11 of 1st period - Snap shot by Jeff Carter.
12:11 of 1st period - Stopped by Jacob Markstrom without a rebound.
12:12 of 1st period - Derek Roy wins face-off versus Kyle Wellwood in Jets zone.
12:39 of 1st period - Erik Haula is hit by Mats Zuccarello and loses puck.
12:50 of 1st period - Wrist shot by Dany Heatley.
12:50 of 1st period - Goal by Dany Heatley - Flyers : 1 - Jets : 0.
12:51 of 1st period - Derek Roy wins face-off versus Kyle Wellwood in neutral zone.
13:11 of 1st period - Minor Penalty to Dustin Brown for Hooking.
13:12 of 1st period - Joe Colborne wins face-off versus Drew Miller in Jets zone.
15:11 of 1st period - Penalty to Dustin Brown is over, Dustin Brown is back on ice.
15:19 of 1st period - Slapshot by Fredrik Sjostrom.
15:19 of 1st period - Shot Misses the Net.
15:25 of 1st period - Fredrik Sjostrom is hit by Dany Heatley and loses puck.
16:05 of 1st period - Jeff Carter is hit by Anton Volchenkov and loses puck.
16:46 of 1st period - Dustin Brown is hit by Kyle Wellwood and loses puck.
16:57 of 1st period - Nathan Beaulieu is hit by Lee Stempniak and loses puck.
17:12 of 1st period - Brian McGrattan is hit by Derek Stepan and loses puck.
17:25 of 1st period - Joe Colborne is hit by Jakub Voracek and loses puck.
17:30 of 1st period - Wrist shot by Jakub Voracek.
17:30 of 1st period - Stopped by Jacob Markstrom with a rebound.
17:50 of 1st period - Slapshot by Kyle Wellwood.
17:50 of 1st period - Shot Blocked by Eric Gelinas.
17:52 of 1st period - Minor Penalty to Kevin Hayes for Hooking.
17:53 of 1st period - Joe Colborne wins face-off versus Jeff Carter in Jets zone.
18:29 of 1st period - Wrist shot by Matt Smaby.
18:29 of 1st period - Stopped by Jacob Markstrom with a rebound.
18:31 of 1st period - Wrist shot by Jaromir Jagr.
18:31 of 1st period - Shot Misses the Net.
18:33 of 1st period - Slapshot by Oliver Ekman-Larsson.
18:33 of 1st period - Stopped by Jacob Markstrom without a rebound.
18:34 of 1st period - Kyle Wellwood wins face-off versus Joe Colborne in Jets zone.
19:52 of 1st period - Penalty to Kevin Hayes is over, Kevin Hayes is back on ice.
Goals for this period are 1 for Flyers vs 0 for Jets.
Shots for this period are 9 for Flyers vs 8 for Jets.
2nd period
0:01 of 2nd period - Jeff Carter wins face-off versus Derek Roy in neutral zone.
0:12 of 2nd period - Shea Weber is hit by Drew Miller and loses puck.
0:50 of 2nd period - Wrist shot by Drew Miller.
0:50 of 2nd period - Stopped by Jacob Markstrom with a rebound.
0:52 of 2nd period - Slapshot by Matt Smaby.
0:52 of 2nd period - Shot Misses the Net.
0:54 of 2nd period - Snap shot by Jakub Voracek.
0:54 of 2nd period - Stopped by Jacob Markstrom without a rebound.
0:55 of 2nd period - Kyle Wellwood wins face-off versus Derek Roy in Jets zone.
0:56 of 2nd period - Slapshot by J.T. Miller.
0:56 of 2nd period - Stopped by Jacob Markstrom without a rebound.
0:57 of 2nd period - Derek Roy wins face-off versus J.T. Miller in Jets zone.
1:28 of 2nd period - Dany Heatley is hit by Erik Haula and loses puck.
2:07 of 2nd period - Tyler Myers is hit by Jeff Carter and loses puck.
2:14 of 2nd period - Snap shot by Drew Miller.
2:14 of 2nd period - Goal by Drew Miller - Flyers : 2 - Jets : 0.
2:15 of 2nd period - Kyle Wellwood wins face-off versus Derek Roy in neutral zone.
2:15 of 2nd period - J.T. Miller is hit by Marco Scandella and loses puck.
2:48 of 2nd period - Slapshot by Devin Setoguchi.
2:48 of 2nd period - Shot Blocked by Drew Miller.
2:50 of 2nd period - Snap shot by Erik Haula.
2:50 of 2nd period - Stopped by Cory Schneider without a rebound.
2:51 of 2nd period - Jeff Carter wins face-off versus Derek Stepan in Flyers zone.
2:54 of 2nd period - Wrist shot by Derek Stepan.
2:54 of 2nd period - Stopped by Cory Schneider with a rebound.
2:56 of 2nd period - Snap shot by Tyler Myers.
2:56 of 2nd period - Stopped by Cory Schneider with a rebound.
2:58 of 2nd period - Snap shot by Derek Stepan.
2:58 of 2nd period - Stopped by Cory Schneider with a rebound.
3:06 of 2nd period - Snap shot by Matt Smaby.
3:06 of 2nd period - Shot Blocked by Erik Haula.
3:08 of 2nd period - Slapshot by Jeff Carter.
3:08 of 2nd period - Stopped by Jacob Markstrom with a rebound.
3:20 of 2nd period - Wrist shot by Marcus Kruger.
3:20 of 2nd period - Goal by Marcus Kruger - Flyers : 3 - Jets : 0.
3:21 of 2nd period - Kyle Wellwood wins face-off versus Derek Roy in neutral zone.
3:28 of 2nd period - Snap shot by Kyle Wellwood.
3:28 of 2nd period - Stopped by Jacob Markstrom without a rebound.
3:29 of 2nd period - Kyle Wellwood wins face-off versus Derek Roy in Jets zone.
3:49 of 2nd period - Snap shot by Jaromir Jagr.
3:49 of 2nd period - Stopped by Jacob Markstrom with a rebound.
3:51 of 2nd period - Snap shot by Kyle Wellwood.
3:51 of 2nd period - Shot Misses the Net.
3:53 of 2nd period - Snap shot by J.T. Miller.
3:53 of 2nd period - Stopped by Jacob Markstrom without a rebound.
3:54 of 2nd period - Jeff Carter wins face-off versus Derek Stepan in Jets zone.
4:09 of 2nd period - Snap shot by Devin Setoguchi.
4:09 of 2nd period - Stopped by Cory Schneider with a rebound.
4:11 of 2nd period - Slapshot by Eric Gelinas.
4:11 of 2nd period - Deflect By Devin Setoguchi.
4:11 of 2nd period - Shot Misses the Net.
4:11 of 2nd period - Puck is out of play.
4:12 of 2nd period - Derek Roy wins face-off versus Kyle Wellwood in Flyers zone.
4:16 of 2nd period - Minor Penalty to Jaromir Jagr for Hooking.
4:17 of 2nd period - Derek Roy wins face-off versus Matthew Lombardi in Flyers zone.
4:19 of 2nd period - Slapshot by Benoit Pouliot.
4:19 of 2nd period - Shot Blocked by Matt Smaby.
6:10 of 2nd period - Shea Weber is hit by Marcus Kruger and loses puck.
6:16 of 2nd period - Penalty to Jaromir Jagr is over, Jaromir Jagr is back on ice.
6:43 of 2nd period - Tyler Myers is hit by Mats Zuccarello and loses puck.
7:04 of 2nd period - Tyler Myers is hit by Brian McGrattan and loses puck.
7:29 of 2nd period - Mats Zuccarello is hit by Joe Colborne and loses puck.
7:56 of 2nd period - Jakub Voracek is hit by Marco Scandella and loses puck.
8:36 of 2nd period - Anton Volchenkov is hit by Jeff Woywitka.
8:52 of 2nd period - Wrist shot by Dany Heatley.
8:52 of 2nd period - Shot Misses the Net.
8:54 of 2nd period - Wrist shot by Brian Lashoff.
8:54 of 2nd period - Stopped by Jacob Markstrom with a rebound.
8:56 of 2nd period - Snap shot by Dany Heatley.
8:56 of 2nd period - Shot Misses the Net.
8:58 of 2nd period - Wrist shot by Marcus Kruger.
8:58 of 2nd period - Shot Misses the Net.
9:08 of 2nd period - Snap shot by Devin Setoguchi.
9:08 of 2nd period - Shot Misses the Net.
9:14 of 2nd period - Erik Haula is hit by Jakub Voracek and loses puck.
9:29 of 2nd period - Jared Spurgeon is hit by Jeff Woywitka and loses puck.
9:44 of 2nd period - Joe Colborne is hit by Brian McGrattan and loses puck.
9:59 of 2nd period - Slapshot by Marco Scandella.
9:59 of 2nd period - Deflect By Dustin Brown.
9:59 of 2nd period - Stopped by Cory Schneider with a rebound.
10:36 of 2nd period - Minor Penalty to Devin Setoguchi for Slashing.
10:37 of 2nd period - Jeff Carter wins face-off versus Joe Colborne in Jets zone.
10:52 of 2nd period - Snap shot by Jakub Voracek.
10:52 of 2nd period - Stopped by Jacob Markstrom without a rebound.
10:53 of 2nd period - Kyle Wellwood wins face-off versus Joe Colborne in Jets zone.
11:32 of 2nd period - Slapshot by Oliver Ekman-Larsson.
11:32 of 2nd period - Stopped by Jacob Markstrom with a rebound.
11:34 of 2nd period - Wrist shot by Matt Smaby.
11:34 of 2nd period - Stopped by Jacob Markstrom without a rebound.
11:35 of 2nd period - Jeff Carter wins face-off versus Joe Colborne in Jets zone.
11:46 of 2nd period - Wrist shot by Drew Miller.
11:46 of 2nd period - Deflect By Jakub Voracek.
11:46 of 2nd period - Shot Blocked by Tyler Myers.
11:46 of 2nd period - Puck is out of play.
11:47 of 2nd period - Joe Colborne wins face-off versus Kyle Wellwood in Jets zone.
12:16 of 2nd period - Off-side.
12:17 of 2nd period - Joe Colborne wins face-off versus Jeff Carter in neutral zone.
12:33 of 2nd period - Icing by Drew Miller.
12:34 of 2nd period - J.T. Miller wins face-off versus Joe Colborne in Flyers zone.
12:36 of 2nd period - Penalty to Devin Setoguchi is over, Devin Setoguchi is back on ice.
13:28 of 2nd period - Slapshot by James Wright.
13:28 of 2nd period - Shot Blocked by Mats Zuccarello.
13:30 of 2nd period - Slapshot by Tyler Myers.
13:30 of 2nd period - Shot Misses the Net.
13:32 of 2nd period - Wrist shot by Kevin Hayes.
13:32 of 2nd period - Stopped by Cory Schneider without a rebound.
13:33 of 2nd period - Jeff Carter wins face-off versus Derek Stepan in Flyers zone.
13:33 of 2nd period - Jeff Carter is hit by Jared Spurgeon.
13:49 of 2nd period - Snap shot by Devin Setoguchi.
13:49 of 2nd period - Shot Misses the Net.
13:55 of 2nd period - Minor Penalty to Matt Smaby for Roughing.
13:56 of 2nd period - Derek Roy wins face-off versus Matthew Lombardi in Flyers zone.
14:48 of 2nd period - Slapshot by Oliver Ekman-Larsson.
14:48 of 2nd period - Deflect By Tyler Myers.
14:48 of 2nd period - Stopped by Jacob Markstrom without a rebound.
14:49 of 2nd period - Matthew Lombardi wins face-off versus Derek Stepan in Jets zone.
15:55 of 2nd period - Penalty to Matt Smaby is over, Matt Smaby is back on ice.
16:03 of 2nd period - Kevin Hayes is hit by Brian Lashoff and loses puck.
16:38 of 2nd period - Tyler Myers is hit by Dany Heatley and loses puck.
16:45 of 2nd period - Slapshot by Eric Gelinas.
16:45 of 2nd period - Shot Blocked by Nathan Beaulieu.
17:27 of 2nd period - Snap shot by Joe Colborne.
17:27 of 2nd period - Shot Misses the Net.
17:29 of 2nd period - Wrist shot by Marco Scandella.
17:29 of 2nd period - Deflect By Marcus Johansson.
17:29 of 2nd period - Shot Misses the Net.
17:29 of 2nd period - Puck is out of play.
17:30 of 2nd period - Joe Colborne wins face-off versus Kyle Wellwood in Flyers zone.
17:35 of 2nd period - Slapshot by Marcus Johansson.
17:35 of 2nd period - Shot Blocked by Kyle Wellwood.
18:03 of 2nd period - Wrist shot by Benoit Pouliot.
18:03 of 2nd period - Shot Misses the Net.
18:15 of 2nd period - Minor Penalty to Drew Miller for Tripping.
18:16 of 2nd period - Derek Roy wins face-off versus Matthew Lombardi in Flyers zone.
18:21 of 2nd period - Wrist shot by Derek Roy.
18:21 of 2nd period - Shot Misses the Net.
18:35 of 2nd period - Kyle Wellwood is hit by Benoit Pouliot and loses puck.
18:56 of 2nd period - Snap shot by Marcus Johansson.
18:56 of 2nd period - Shot Misses the Net.
Goals for this period are 2 for Flyers vs 0 for Jets.
Shots for this period are 14 for Flyers vs 7 for Jets.
3rd period
0:01 of 3rd period - Matthew Lombardi wins face-off versus Derek Roy in neutral zone.
0:15 of 3rd period - Penalty to Drew Miller is over, Drew Miller is back on ice.
0:38 of 3rd period - Wrist shot by Derek Roy.
0:38 of 3rd period - Shot Blocked by Jeff Woywitka.
0:45 of 3rd period - Minor Penalty to Dustin Brown for Holding.
0:46 of 3rd period - J.T. Miller wins face-off versus Joe Colborne in Jets zone.
2:21 of 3rd period - Slapshot by Tyler Myers.
2:21 of 3rd period - Stopped by Cory Schneider with a rebound.
2:45 of 3rd period - Penalty to Dustin Brown is over, Dustin Brown is back on ice.
3:07 of 3rd period - Wrist shot by Fredrik Sjostrom.
3:07 of 3rd period - Shot Misses the Net.
3:09 of 3rd period - Wrist shot by James Wright.
3:09 of 3rd period - Shot Misses the Net.
3:11 of 3rd period - Wrist shot by Kevin Hayes.
3:11 of 3rd period - Stopped by Cory Schneider without a rebound.
3:12 of 3rd period - James Wright wins face-off versus Matthew Lombardi in Flyers zone.
3:17 of 3rd period - Wrist shot by Kevin Hayes.
3:17 of 3rd period - Stopped by Cory Schneider without a rebound.
3:18 of 3rd period - Derek Roy wins face-off versus Chris Mcallister in Flyers zone.
3:35 of 3rd period - Marco Scandella is hit by Brian McGrattan and loses puck.
3:54 of 3rd period - Devin Setoguchi is hit by Drew Miller and loses puck.
4:01 of 3rd period - Snap shot by Jakub Voracek.
4:01 of 3rd period - Goal by Jakub Voracek - Flyers : 4 - Jets : 0.
4:02 of 3rd period - Jeff Carter wins face-off versus Derek Roy in neutral zone.
4:11 of 3rd period - Wrist shot by Jeff Carter.
4:11 of 3rd period - Shot Blocked by Tyler Myers.
4:13 of 3rd period - Snap shot by Jakub Voracek.
4:13 of 3rd period - Stopped by Jacob Markstrom without a rebound.
4:14 of 3rd period - Jeff Carter wins face-off versus Derek Roy in Jets zone.
4:37 of 3rd period - Dustin Brown is hit by Jakub Voracek and loses puck.
4:49 of 3rd period - Jeff Carter is hit by Marco Scandella and loses puck.
5:06 of 3rd period - Snap shot by Dustin Brown.
5:06 of 3rd period - Stopped by Cory Schneider with a rebound.
5:08 of 3rd period - Wrist shot by Dustin Brown.
5:08 of 3rd period - Shot Misses the Net.
5:10 of 3rd period - Slapshot by Marco Scandella.
5:10 of 3rd period - Goal by Marco Scandella - Flyers : 4 - Jets : 1.
5:11 of 3rd period - Kyle Wellwood wins face-off versus Derek Stepan in neutral zone.
5:14 of 3rd period - Tyler Myers is hit by Jeff Woywitka and loses puck.
5:23 of 3rd period - Slapshot by J.T. Miller.
5:23 of 3rd period - Shot Misses the Net.
5:25 of 3rd period - Slapshot by Nathan Beaulieu.
5:25 of 3rd period - Stopped by Jacob Markstrom without a rebound.
5:26 of 3rd period - Joe Colborne wins face-off versus Kyle Wellwood in Jets zone.
5:26 of 3rd period - Joe Colborne is hit by Nathan Beaulieu.
5:31 of 3rd period - Off-side.
5:32 of 3rd period - Joe Colborne wins face-off versus Kyle Wellwood in neutral zone.
5:41 of 3rd period - Slapshot by Shea Weber.
5:41 of 3rd period - Deflect By Lee Stempniak.
5:41 of 3rd period - Shot Misses the Net.
5:41 of 3rd period - Puck is out of play.
5:42 of 3rd period - Kyle Wellwood wins face-off versus Derek Roy in Flyers zone.
5:47 of 3rd period - Derek Roy is hit by Jonathan Ericsson and loses puck.
5:54 of 3rd period - Slapshot by Jaromir Jagr.
5:54 of 3rd period - Deflect By Kyle Wellwood.
5:54 of 3rd period - Stopped by Jacob Markstrom with a rebound.
7:08 of 3rd period - Icing by Brian McGrattan.
7:09 of 3rd period - Derek Roy wins face-off versus J.T. Miller in Flyers zone.
7:22 of 3rd period - Wrist shot by Benoit Pouliot.
7:22 of 3rd period - Shot Blocked by J.T. Miller.
7:24 of 3rd period - Snap shot by Jared Spurgeon.
7:24 of 3rd period - Stopped by Cory Schneider with a rebound.
7:26 of 3rd period - Backhand shot by Benoit Pouliot.
7:26 of 3rd period - Shot Misses the Net.
7:36 of 3rd period - Wrist shot by J.T. Miller.
7:36 of 3rd period - Stopped by Jacob Markstrom with a rebound.
8:03 of 3rd period - Wrist shot by Lee Stempniak.
8:03 of 3rd period - Shot Misses the Net.
8:44 of 3rd period - Snap shot by James Wright.
8:44 of 3rd period - Goal by James Wright - Flyers : 4 - Jets : 2.
8:45 of 3rd period - Jeff Carter wins face-off versus Derek Roy in neutral zone.
10:12 of 3rd period - Minor Penalty to Dany Heatley for Holding Stick.
10:13 of 3rd period - Kyle Wellwood wins face-off versus Derek Roy in Flyers zone.
10:23 of 3rd period - Snap shot by Derek Roy.
10:23 of 3rd period - Shot Blocked by Oliver Ekman-Larsson.
10:39 of 3rd period - Marcus Johansson is hit by Kyle Wellwood.
10:51 of 3rd period - Slapshot by Jeff Woywitka.
10:51 of 3rd period - Stopped by Jacob Markstrom without a rebound.
10:52 of 3rd period - Derek Roy wins face-off versus Matthew Lombardi in Jets zone.
12:12 of 3rd period - Penalty to Dany Heatley is over, Dany Heatley is back on ice.
12:31 of 3rd period - Snap shot by James Wright.
12:31 of 3rd period - Stopped by Cory Schneider without a rebound.
12:32 of 3rd period - Marcus Kruger wins face-off versus James Wright in Flyers zone.
13:19 of 3rd period - Off-side.
13:20 of 3rd period - Kyle Wellwood wins face-off versus Derek Roy in neutral zone.
13:33 of 3rd period - Slapshot by Derek Roy.
13:33 of 3rd period - Stopped by Cory Schneider with a rebound.
13:35 of 3rd period - Backhand shot by Dustin Brown.
13:35 of 3rd period - Shot Blocked by Jonathan Ericsson.
14:08 of 3rd period - Icing by Erik Haula.
14:09 of 3rd period - Derek Stepan wins face-off versus Marcus Kruger in Jets zone.
14:29 of 3rd period - Benoit Pouliot is hit by Matt Smaby and loses puck.
14:50 of 3rd period - Slapshot by Dany Heatley.
14:50 of 3rd period - Shot Blocked by Derek Roy.
15:46 of 3rd period - Snap shot by Derek Roy.
15:46 of 3rd period - Shot Blocked by Matt Smaby.
15:52 of 3rd period - Slapshot by Matt Smaby.
15:52 of 3rd period - Stopped by Jacob Markstrom without a rebound.
15:53 of 3rd period - Jeff Carter wins face-off versus Joe Colborne in Jets zone.
15:54 of 3rd period - Slapshot by Jakub Voracek.
15:54 of 3rd period - Goal by Jakub Voracek - Flyers : 5 - Jets : 2.
15:55 of 3rd period - Jeff Carter wins face-off versus Erik Haula in neutral zone.
15:58 of 3rd period - Eric Gelinas is hit by Jeff Carter and loses puck.
16:06 of 3rd period - Icing by Derek Stepan.
16:07 of 3rd period - Derek Stepan wins face-off versus Jeff Carter in Jets zone.
16:07 of 3rd period - Derek Stepan is hit by Drew Miller.
16:13 of 3rd period - Wrist shot by Devin Setoguchi.
16:13 of 3rd period - Deflect By Erik Haula.
16:13 of 3rd period - Shot Blocked by Drew Miller.
16:13 of 3rd period - Puck is out of play.
16:14 of 3rd period - Jeff Carter wins face-off versus Derek Stepan in Flyers zone.
16:14 of 3rd period - Jeff Carter is hit by Erik Haula.
16:41 of 3rd period - Snap shot by Jakub Voracek.
16:41 of 3rd period - Stopped by Jacob Markstrom without a rebound.
16:42 of 3rd period - Derek Roy wins face-off versus Kyle Wellwood in Jets zone.
16:49 of 3rd period - Slapshot by Dustin Brown.
16:49 of 3rd period - Shot Blocked by Brian Lashoff.
16:51 of 3rd period - Slapshot by Dustin Brown.
16:51 of 3rd period - Shot Misses the Net.
17:16 of 3rd period - Wrist shot by Chris Mcallister.
17:16 of 3rd period - Stopped by Jacob Markstrom without a rebound.
17:17 of 3rd period - Jeff Carter wins face-off versus Derek Stepan in Jets zone.
17:20 of 3rd period - Snap shot by Jakub Voracek.
17:20 of 3rd period - Stopped by Jacob Markstrom without a rebound.
17:21 of 3rd period - Derek Stepan wins face-off versus Jeff Carter in Jets zone.
17:54 of 3rd period - Wrist shot by Derek Roy.
17:54 of 3rd period - Shot Misses the Net.
17:56 of 3rd period - Slapshot by Dustin Brown.
17:56 of 3rd period - Stopped by Cory Schneider with a rebound.
17:58 of 3rd period - Slapshot by Marco Scandella.
17:58 of 3rd period - Stopped by Cory Schneider with a rebound.
18:00 of 3rd period - Wrist shot by Derek Roy.
18:00 of 3rd period - Shot Misses the Net.
18:39 of 3rd period - Snap shot by Devin Setoguchi.
18:39 of 3rd period - Shot Misses the Net.
18:41 of 3rd period - Snap shot by Devin Setoguchi.
18:41 of 3rd period - Shot Misses the Net.
18:56 of 3rd period - Drew Miller is hit by Anton Volchenkov and loses puck.
19:11 of 3rd period - Drew Miller is hit by Marcus Johansson.
19:33 of 3rd period - Jeff Carter is hit by Derek Roy and loses puck.
Goals for this period are 2 for Flyers vs 2 for Jets.
Shots for this period are 11 for Flyers vs 11 for Jets.
Back to the Top